[ PARTIDA AOE2 · #471686456 ]
UnrankedVikingos vs Poles
Equipo del jugador · DERR
[ ANÁLISIS DE REPETICIÓN · EXTRAÍDO DE LA PARTIDA GRABADA ]
Feudal
10:31
Castillos
14:02
Imperial
28:16
| APM promedio | 34.4 |
| APM pico | 91 |
| eAPM promedio | 23.0 |
| Aldeanos / militares | 171 / 175 |
Foco
⚔️ 34.5% · 🌾 65.5%
Berserk ×172 · Trebuchet (Packed) ×2 · Monk ×1
Feudal
10:55
Castillos
14:37
Imperial
27:03
| APM promedio | 35.8 |
| APM pico | 99 |
| eAPM promedio | 17.5 |
| Aldeanos / militares | 137 / 147 |
Foco
⚔️ 22.6% · 🌾 77.4%
Knight ×138 · Trebuchet (Packed) ×9
Feudal
10:56
Castillos
14:42
Imperial
28:58
| APM promedio | 55.0 |
| APM pico | 125 |
| eAPM promedio | 22.2 |
| Aldeanos / militares | 123 / 71 |
Foco
⚔️ 32.4% · 🌾 67.6%
Spearman ×46 · Organ Gun ×19 · Bombard Cannon ×4 · Trebuchet (Packed) ×2
Feudal
10:31
Castillos
14:37
Imperial
31:13
| APM promedio | 43.9 |
| APM pico | 92 |
| eAPM promedio | 27.3 |
| Aldeanos / militares | 146 / 134 |
Foco
⚔️ 28.6% · 🌾 71.4%
Leitis ×128 · Monk ×6
Feudal
10:56
Castillos
14:28
Imperial
29:26
| APM promedio | 57.0 |
| APM pico | 124 |
| eAPM promedio | 32.0 |
| Aldeanos / militares | 145 / 2 |
Foco
⚔️ 40.8% · 🌾 59.2%
Unknown (1944) ×232 · Unknown (1942) ×6 · Monk ×2
Feudal
11:00
Castillos
15:20
Imperial
33:36
| APM promedio | 40.3 |
| APM pico | 69 |
| eAPM promedio | 23.6 |
| Aldeanos / militares | 131 / 48 |
Foco
⚔️ 35.1% · 🌾 64.9%
Ghulam ×31 · Hand Cannoneer ×17
Feudal
10:56
Castillos
14:31
Imperial
30:11
| APM promedio | 43.8 |
| APM pico | 98 |
| eAPM promedio | 22.5 |
| Aldeanos / militares | 144 / 48 |
Foco
⚔️ 22.2% · 🌾 77.8%
Mameluke ×41 · Petard ×2 · Battering Ram ×2 · Trebuchet (Packed) ×2 · Bombard Cannon ×1
Feudal
11:06
Castillos
15:01
Imperial
28:26
| APM promedio | 28.4 |
| APM pico | 83 |
| eAPM promedio | 17.3 |
| Aldeanos / militares | 137 / 4 |
Foco
⚔️ 22.6% · 🌾 77.4%
Unknown (2579) ×49 · Trebuchet (Packed) ×3 · Mangonel ×1
Mapa de la partida
Recursos iniciales + cada clic de construcción. Líneas = muros · curvas = relieve. ◆ oro · ⬟ piedra · ● bayas · ✦ reliquia · ◌ hueco del cierre
Tu base· ✓ Cerrada en 14:02 · 2t muro · 2 puerta(s)
Base de siredwardheath· ✓ Cerrada en 14:37 · 0t muro · 2 puerta(s)
Base de (¬|)¬(>= Marksm4n· ✓ Cerrada en 14:42 · 0t muro · 2 puerta(s)
Base de Rank· ✓ Cerrada en 14:37 · 0t muro · 2 puerta(s)
Base de RoR | Yokohama· ✓ Cerrada en 14:28 · 0t muro · 2 puerta(s)
Base de [um] Maya· ✓ Cerrada en 15:20 · 0t muro · 2 puerta(s)
Base de 种田太奶掉分号· ✓ Cerrada en 14:31 · 0t muro · 2 puerta(s)
Base de feshark· ✓ Cerrada en 15:01 · 15t muro · 3 puerta(s)
Terreno inicial suavizado · ◌ = hueco del cierre detectado · pasá el cursor para detalles
Inputs por minuto
— PLEBUSHEK - - siredwardheath
Build order — PLEBUSHEK
Primeras 150 de 435 acciones detectadas
| 0:01 | Crear | Villager (Male) |
| 0:01 | Crear | Villager (Male) |
| 0:02 | Crear | Villager (Male) |
| 0:02 | Construir | House |
| 0:04 | Construir | House |
| 0:18 | Crear | Villager (Male) |
| 1:26 | Crear | Villager (Male) |
| 1:26 | Crear | Villager (Male) |
| 2:00 | Crear | Villager (Male) |
| 2:00 | Crear | Villager (Male) |
| 2:01 | Crear | Villager (Male) |
| 2:16 | Construir | Lumber Camp |
| 2:29 | Crear | Villager (Male) |
| 2:29 | Crear | Villager (Male) |
| 2:30 | Crear | Villager (Male) |
| 3:04 | Crear | Villager (Male) |
| 3:04 | Crear | Villager (Male) |
| 3:18 | Crear | Villager (Male) |
| 3:45 | Crear | Villager (Male) |
| 3:46 | Crear | Villager (Male) |
| 3:54 | Construir | House |
| 4:23 | Construir | Mill |
| 4:24 | Crear | Villager (Male) |
| 4:24 | Crear | Villager (Male) |
| 4:45 | Crear | Villager (Male) |
| 4:45 | Crear | Villager (Male) |
| 4:45 | Crear | Villager (Male) |
| 5:25 | Crear | Villager (Male) |
| 5:26 | Crear | Villager (Male) |
| 6:10 | Construir | House |
| 6:12 | Construir | House |
| 6:33 | Construir | Farm |
| 6:35 | Construir | Farm |
| 6:37 | Crear | Villager (Male) |
| 6:37 | Crear | Villager (Male) |
| 7:09 | Construir | Mining Camp |
| 7:25 | Crear | Villager (Male) |
| 7:54 | Crear | Villager (Male) |
| 8:07 | Investigar | Feudal Age |
| 8:08 | Investigar | Feudal Age |
| 9:08 | Construir | House |
| 9:12 | Crear | Villager (Male) |
| 9:13 | Crear | Villager (Male) |
| 10:31 | Edad | Edad Feudal |
| 10:34 | Construir | Market |
| 10:39 | Construir | Blacksmith |
| 11:22 | Investigar | Castle Age |
| 11:46 | Investigar | Double-Bit Axe |
| 11:54 | Construir | House |
| 11:55 | Construir | House |
| 12:36 | Investigar | Horse Collar |
| 12:36 | Investigar | Horse Collar |
| 13:00 | Construir | Palisade Wall |
| 13:01 | Construir | Palisade Wall |
| 13:21 | Crear | Villager (Male) |
| 14:02 | Edad | Edad de los Castillos |
| 14:10 | Construir | Town Center |
| 14:26 | Crear | Villager (Male) |
| 14:33 | Construir | Town Center |
| 14:39 | Construir | Farm |
| 14:42 | Construir | Farm |
| 14:43 | Construir | Farm |
| 14:44 | Investigar | Bow Saw |
| 14:44 | Investigar | Bow Saw |
| 14:45 | Crear | Villager (Male) |
| 14:47 | Construir | Farm |
| 15:23 | Crear | Villager (Male) |
| 15:25 | Construir | Farm |
| 15:40 | Construir | Farm |
| 15:41 | Construir | Farm |
| 15:45 | Construir | Farm |
| 15:46 | Construir | Farm |
| 15:50 | Crear | Villager (Male) |
| 16:01 | Construir | Farm |
| 16:10 | Crear | Villager (Male) |
| 16:10 | Crear | Villager (Male) |
| 16:12 | Construir | Farm |
| 16:17 | Construir | Farm |
| 16:39 | Construir | Farm |
| 16:40 | Crear | Villager (Male) |
| 16:40 | Crear | Villager (Male) |
| 16:44 | Crear | Villager (Male) |
| 16:45 | Crear | Villager (Male) |
| 16:45 | Crear | Villager (Male) |
| 16:54 | Construir | Farm |
| 16:55 | Construir | Farm |
| 16:58 | Crear | Villager (Male) |
| 17:08 | Crear | Villager (Male) |
| 17:08 | Crear | Villager (Male) |
| 17:09 | Crear | Villager (Male) |
| 17:11 | Construir | Lumber Camp |
| 17:19 | Construir | House |
| 17:19 | Construir | House |
| 17:24 | Crear | Villager (Male) |
| 17:24 | Crear | Villager (Male) |
| 17:28 | Crear | Villager (Male) |
| 17:29 | Crear | Villager (Male) |
| 17:36 | Crear | Villager (Male) |
| 17:36 | Crear | Villager (Male) |
| 17:38 | Construir | Farm |
| 17:48 | Crear | Villager (Male) |
| 17:48 | Crear | Villager (Male) |
| 17:48 | Crear | Villager (Male) |
| 17:59 | Construir | Town Center |
| 18:01 | Crear | Villager (Male) |
| 18:01 | Crear | Villager (Male) |
| 18:06 | Construir | Farm |
| 18:13 | Construir | House |
| 18:15 | Construir | House |
| 18:18 | Crear | Villager (Male) |
| 18:18 | Crear | Villager (Male) |
| 18:19 | Crear | Villager (Male) |
| 18:27 | Crear | Villager (Male) |
| 18:27 | Crear | Villager (Male) |
| 18:27 | Crear | Villager (Male) |
| 18:35 | Crear | Villager (Male) |
| 18:35 | Crear | Villager (Male) |
| 18:42 | Construir | Farm |
| 18:44 | Crear | Villager (Male) |
| 18:44 | Crear | Villager (Male) |
| 18:47 | Construir | House |
| 18:48 | Construir | House |
| 18:51 | Construir | House |
| 18:54 | Crear | Villager (Male) |
| 18:54 | Crear | Villager (Male) |
| 19:03 | Construir | Farm |
| 19:04 | Construir | Farm |
| 19:06 | Construir | Farm |
| 19:07 | Crear | Villager (Male) |
| 19:08 | Crear | Villager (Male) |
| 19:11 | Construir | Farm |
| 19:13 | Construir | Farm |
| 19:14 | Crear | Villager (Male) |
| 19:14 | Crear | Villager (Male) |
| 19:18 | Crear | Villager (Male) |
| 19:18 | Crear | Villager (Male) |
| 19:24 | Crear | Villager (Male) |
| 19:25 | Crear | Villager (Male) |
| 19:25 | Crear | Villager (Male) |
| 19:34 | Construir | Farm |
| 19:35 | Construir | Farm |
| 19:38 | Construir | Farm |
| 19:39 | Construir | Farm |
| 19:40 | Construir | Farm |
| 19:42 | Construir | House |
| 19:43 | Construir | House |
| 19:44 | Construir | House |
| 19:45 | Crear | Villager (Male) |
| 19:45 | Crear | Villager (Male) |
| 19:45 | Crear | Villager (Male) |
Build order — siredwardheath
Primeras 150 de 351 acciones detectadas
| 0:00 | Crear | Villager (Male) |
| 0:00 | Crear | Villager (Male) |
| 0:02 | Construir | House |
| 0:04 | Construir | House |
| 0:09 | Crear | Villager (Male) |
| 0:09 | Crear | Villager (Male) |
| 0:09 | Crear | Villager (Male) |
| 1:25 | Crear | Villager (Male) |
| 1:43 | Construir | Lumber Camp |
| 1:47 | Crear | Villager (Male) |
| 2:11 | Crear | Villager (Male) |
| 2:43 | Crear | Villager (Male) |
| 3:05 | Crear | Villager (Male) |
| 3:27 | Crear | Villager (Male) |
| 3:50 | Construir | House |
| 3:54 | Crear | Villager (Male) |
| 4:31 | Crear | Villager (Male) |
| 4:44 | Construir | Mill |
| 4:48 | Crear | Villager (Male) |
| 4:48 | Crear | Villager (Male) |
| 5:27 | Construir | House |
| 5:46 | Crear | Villager (Male) |
| 5:53 | Crear | Villager (Male) |
| 6:39 | Crear | Villager (Male) |
| 6:47 | Crear | Villager (Male) |
| 7:09 | Crear | Villager (Male) |
| 7:48 | Crear | Villager (Male) |
| 7:59 | Crear | Villager (Male) |
| 7:59 | Investigar | Feudal Age |
| 8:21 | Construir | Farm |
| 8:25 | Construir | Farm |
| 8:33 | Construir | Farm |
| 8:43 | Construir | Mining Camp |
| 9:18 | Crear | Villager (Male) |
| 9:18 | Crear | Villager (Male) |
| 10:55 | Edad | Edad Feudal |
| 10:58 | Construir | Market |
| 11:01 | Construir | Blacksmith |
| 11:09 | Construir | Farm |
| 11:13 | Construir | Farm |
| 11:16 | Construir | Farm |
| 11:57 | Investigar | Castle Age |
| 12:12 | Investigar | Double-Bit Axe |
| 12:31 | Investigar | Horse Collar |
| 12:53 | Crear | Villager (Male) |
| 12:53 | Crear | Villager (Male) |
| 13:02 | Construir | House |
| 14:37 | Edad | Edad de los Castillos |
| 14:40 | Construir | Town Center |
| 14:43 | Construir | Town Center |
| 14:50 | Investigar | Bow Saw |
| 15:08 | Crear | Villager (Male) |
| 15:18 | Construir | Farm |
| 15:28 | Crear | Villager (Male) |
| 16:20 | Crear | Villager (Male) |
| 16:21 | Crear | Villager (Male) |
| 16:21 | Crear | Villager (Male) |
| 16:23 | Investigar | Wheelbarrow |
| 16:25 | Construir | Farm |
| 16:31 | Construir | Mill |
| 16:34 | Construir | Farm |
| 16:34 | Construir | Farm |
| 16:34 | Construir | Farm |
| 16:34 | Construir | Farm |
| 16:35 | Construir | Farm |
| 16:35 | Construir | Farm |
| 16:35 | Construir | Farm |
| 16:39 | Crear | Villager (Male) |
| 16:39 | Crear | Villager (Male) |
| 16:39 | Crear | Villager (Male) |
| 17:06 | Crear | Villager (Male) |
| 17:06 | Crear | Villager (Male) |
| 17:19 | Construir | Town Center |
| 17:22 | Crear | Villager (Male) |
| 17:22 | Crear | Villager (Male) |
| 17:26 | Construir | Farm |
| 17:30 | Construir | Farm |
| 17:34 | Crear | Villager (Male) |
| 17:41 | Construir | Farm |
| 17:46 | Construir | Farm |
| 17:55 | Construir | House |
| 17:57 | Crear | Villager (Male) |
| 17:57 | Crear | Villager (Male) |
| 18:01 | Crear | Villager (Male) |
| 18:25 | Construir | Mill |
| 18:29 | Construir | Farm |
| 18:29 | Construir | Farm |
| 18:29 | Construir | Farm |
| 18:29 | Construir | Farm |
| 18:30 | Construir | Farm |
| 18:30 | Construir | Farm |
| 18:30 | Construir | Farm |
| 18:38 | Crear | Villager (Male) |
| 18:38 | Crear | Villager (Male) |
| 18:38 | Crear | Villager (Male) |
| 18:38 | Crear | Villager (Male) |
| 18:39 | Crear | Villager (Male) |
| 18:39 | Crear | Villager (Male) |
| 18:39 | Crear | Villager (Male) |
| 18:43 | Construir | House |
| 18:44 | Construir | House |
| 18:52 | Construir | Farm |
| 18:55 | Construir | Farm |
| 18:58 | Crear | Villager (Male) |
| 18:58 | Crear | Villager (Male) |
| 19:08 | Construir | Farm |
| 19:12 | Construir | Farm |
| 19:17 | Crear | Villager (Male) |
| 19:18 | Crear | Villager (Male) |
| 19:18 | Crear | Villager (Male) |
| 19:18 | Crear | Villager (Male) |
| 19:33 | Crear | Villager (Male) |
| 19:33 | Crear | Villager (Male) |
| 19:39 | Construir | Farm |
| 19:49 | Construir | Mill |
| 19:53 | Construir | Farm |
| 19:53 | Construir | Farm |
| 19:53 | Construir | Farm |
| 19:53 | Construir | Farm |
| 19:54 | Construir | Farm |
| 19:54 | Construir | Farm |
| 19:54 | Construir | Farm |
| 19:54 | Construir | Farm |
| 19:55 | Construir | Farm |
| 19:57 | Crear | Villager (Male) |
| 19:57 | Crear | Villager (Male) |
| 19:57 | Crear | Villager (Male) |
| 19:58 | Crear | Villager (Male) |
| 19:58 | Crear | Villager (Male) |
| 19:59 | Construir | House |
| 20:14 | Crear | Villager (Male) |
| 20:14 | Crear | Villager (Male) |
| 20:14 | Crear | Villager (Male) |
| 20:19 | Construir | Farm |
| 20:28 | Construir | Farm |
| 20:31 | Construir | Farm |
| 20:40 | Crear | Villager (Male) |
| 20:40 | Crear | Villager (Male) |
| 20:43 | Construir | House |
| 20:44 | Construir | House |
| 20:53 | Investigar | Hand Cart |
| 20:55 | Crear | Villager (Male) |
| 20:55 | Crear | Villager (Male) |
| 20:57 | Crear | Villager (Male) |
| 21:00 | Crear | Villager (Male) |
| 21:04 | Construir | House |
| 21:25 | Crear | Villager (Male) |
| 21:26 | Crear | Villager (Male) |
| 21:43 | Construir | House |
| 21:49 | Construir | Monastery |
Build order — (¬|)¬(>= Marksm4n
Primeras 150 de 390 acciones detectadas
| 0:01 | Crear | Villager (Male) |
| 0:01 | Crear | Villager (Male) |
| 0:02 | Construir | House |
| 0:04 | Construir | House |
| 0:23 | Crear | Villager (Male) |
| 0:23 | Crear | Villager (Male) |
| 1:29 | Crear | Villager (Male) |
| 1:29 | Crear | Villager (Male) |
| 1:46 | Construir | Lumber Camp |
| 1:58 | Crear | Villager (Male) |
| 1:59 | Crear | Villager (Male) |
| 2:27 | Crear | Villager (Male) |
| 2:53 | Crear | Villager (Male) |
| 2:53 | Crear | Villager (Male) |
| 3:04 | Crear | Villager (Male) |
| 3:04 | Crear | Villager (Male) |
| 3:30 | Construir | Mill |
| 3:42 | Crear | Villager (Male) |
| 3:45 | Crear | Villager (Male) |
| 3:45 | Crear | Villager (Male) |
| 3:52 | Construir | House |
| 4:16 | Construir | House |
| 4:31 | Crear | Villager (Male) |
| 4:32 | Crear | Villager (Male) |
| 4:54 | Crear | Villager (Male) |
| 4:54 | Crear | Villager (Male) |
| 4:54 | Crear | Villager (Male) |
| 5:03 | Construir | House |
| 5:41 | Crear | Villager (Male) |
| 5:42 | Crear | Villager (Male) |
| 5:44 | Construir | Farm |
| 6:03 | Construir | Farm |
| 6:17 | Crear | Villager (Male) |
| 6:17 | Crear | Villager (Male) |
| 7:01 | Crear | Villager (Male) |
| 7:10 | Construir | Lumber Camp |
| 7:17 | Crear | Villager (Male) |
| 7:35 | Crear | Villager (Male) |
| 8:06 | Construir | Farm |
| 8:11 | Crear | Villager (Male) |
| 8:28 | Construir | Mining Camp |
| 8:42 | Investigar | Feudal Age |
| 8:42 | Investigar | Feudal Age |
| 10:56 | Edad | Edad Feudal |
| 11:00 | Construir | Market |
| 11:00 | Crear | Villager (Male) |
| 11:03 | Construir | Blacksmith |
| 11:21 | Crear | Villager (Male) |
| 11:32 | Construir | Mining Camp |
| 11:51 | Crear | Villager (Male) |
| 12:02 | Investigar | Castle Age |
| 12:03 | Investigar | Castle Age |
| 12:25 | Investigar | Double-Bit Axe |
| 12:25 | Investigar | Double-Bit Axe |
| 13:18 | Investigar | Horse Collar |
| 13:18 | Investigar | Horse Collar |
| 13:29 | Construir | Farm |
| 13:32 | Construir | House |
| 13:32 | Construir | House |
| 14:33 | Crear | Villager (Male) |
| 14:34 | Construir | Farm |
| 14:42 | Edad | Edad de los Castillos |
| 14:43 | Crear | Villager (Male) |
| 14:44 | Construir | Town Center |
| 14:46 | Construir | Town Center |
| 15:29 | Crear | Villager (Male) |
| 15:46 | Crear | Villager (Male) |
| 15:49 | Investigar | Bow Saw |
| 15:50 | Investigar | Bow Saw |
| 15:51 | Crear | Villager (Male) |
| 16:18 | Crear | Villager (Male) |
| 16:22 | Investigar | Loom |
| 16:23 | Construir | Farm |
| 16:32 | Construir | Farm |
| 16:36 | Crear | Villager (Male) |
| 16:59 | Construir | Farm |
| 17:00 | Crear | Villager (Male) |
| 17:09 | Construir | Castle |
| 17:13 | Crear | Villager (Male) |
| 17:13 | Crear | Villager (Male) |
| 17:17 | Construir | Farm |
| 17:19 | Construir | Farm |
| 17:31 | Construir | Farm |
| 17:47 | Construir | Stone Wall |
| 17:48 | Construir | Stone Wall |
| 17:50 | Construir | Stone Wall |
| 17:53 | Crear | Villager (Male) |
| 17:55 | Crear | Villager (Male) |
| 18:07 | Crear | Villager (Male) |
| 18:08 | Crear | Villager (Male) |
| 18:08 | Crear | Villager (Male) |
| 18:11 | Construir | Farm |
| 18:12 | Crear | Villager (Male) |
| 18:23 | Construir | Farm |
| 18:24 | Construir | Farm |
| 18:25 | Construir | Farm |
| 18:26 | Crear | Organ Gun |
| 18:27 | Crear | Organ Gun |
| 18:32 | Crear | Villager (Male) |
| 18:44 | Crear | Villager (Male) |
| 18:44 | Crear | Villager (Male) |
| 18:52 | Construir | Farm |
| 19:09 | Construir | Stone Wall |
| 19:09 | Crear | Villager (Male) |
| 19:10 | Crear | Villager (Male) |
| 19:10 | Crear | Villager (Male) |
| 19:12 | Construir | Farm |
| 19:21 | Construir | Stone Wall |
| 19:23 | Construir | Gate |
| 19:25 | Construir | Stone Wall |
| 19:27 | Crear | Villager (Male) |
| 19:27 | Crear | Villager (Male) |
| 19:28 | Crear | Organ Gun |
| 19:32 | Crear | Villager (Male) |
| 19:35 | Construir | Farm |
| 19:40 | Crear | Villager (Male) |
| 19:40 | Crear | Villager (Male) |
| 19:43 | Construir | Farm |
| 19:45 | Construir | Farm |
| 19:46 | Construir | Farm |
| 19:50 | Construir | Farm |
| 19:50 | Construir | Farm |
| 19:55 | Construir | House |
| 20:02 | Crear | Villager (Male) |
| 20:02 | Crear | Villager (Male) |
| 20:10 | Crear | Villager (Male) |
| 20:12 | Construir | Farm |
| 20:16 | Crear | Villager (Male) |
| 20:33 | Crear | Villager (Male) |
| 20:34 | Crear | Villager (Male) |
| 20:34 | Crear | Villager (Male) |
| 20:37 | Construir | Farm |
| 20:38 | Construir | Farm |
| 20:41 | Construir | Farm |
| 20:42 | Construir | Farm |
| 20:50 | Crear | Villager (Male) |
| 20:56 | Construir | House |
| 20:56 | Construir | House |
| 20:57 | Construir | House |
| 20:57 | Construir | House |
| 21:01 | Crear | Villager (Male) |
| 21:03 | Crear | Villager (Male) |
| 21:03 | Crear | Villager (Male) |
| 21:05 | Crear | Villager (Male) |
| 21:05 | Crear | Villager (Male) |
| 21:11 | Crear | Villager (Male) |
| 21:19 | Construir | Siege Workshop |
| 21:32 | Crear | Villager (Male) |
| 21:46 | Crear | Villager (Male) |
| 21:46 | Crear | Villager (Male) |
Build order — Rank
Primeras 150 de 439 acciones detectadas
| 0:01 | Crear | Villager (Male) |
| 0:02 | Crear | Villager (Male) |
| 0:03 | Construir | House |
| 0:04 | Construir | House |
| 0:18 | Crear | Villager (Male) |
| 0:18 | Crear | Villager (Male) |
| 0:23 | Crear | Villager (Male) |
| 0:24 | Crear | Villager (Male) |
| 1:28 | Crear | Villager (Male) |
| 1:28 | Crear | Villager (Male) |
| 2:07 | Construir | Lumber Camp |
| 2:26 | Crear | Villager (Male) |
| 2:27 | Crear | Villager (Male) |
| 2:27 | Crear | Villager (Male) |
| 3:00 | Construir | House |
| 3:09 | Construir | House |
| 3:30 | Crear | Villager (Male) |
| 3:30 | Crear | Villager (Male) |
| 3:43 | Construir | House |
| 4:24 | Crear | Villager (Male) |
| 4:24 | Crear | Villager (Male) |
| 4:44 | Crear | Villager (Male) |
| 4:44 | Crear | Villager (Male) |
| 5:03 | Construir | Mill |
| 5:33 | Crear | Villager (Male) |
| 5:33 | Crear | Villager (Male) |
| 5:33 | Crear | Villager (Male) |
| 6:07 | Crear | Villager (Male) |
| 7:20 | Construir | Mining Camp |
| 7:53 | Crear | Villager (Male) |
| 7:59 | Investigar | Feudal Age |
| 10:31 | Edad | Edad Feudal |
| 10:33 | Crear | Villager (Male) |
| 10:35 | Crear | Villager (Male) |
| 10:40 | Construir | Market |
| 10:45 | Construir | Blacksmith |
| 10:54 | Crear | Villager (Male) |
| 11:57 | Investigar | Castle Age |
| 12:17 | Construir | Farm |
| 12:19 | Construir | Farm |
| 12:59 | Construir | Farm |
| 13:02 | Construir | Farm |
| 13:21 | Crear | Villager (Male) |
| 13:23 | Investigar | Double-Bit Axe |
| 13:25 | Construir | Farm |
| 13:47 | Crear | Villager (Male) |
| 13:48 | Crear | Villager (Male) |
| 13:58 | Construir | Farm |
| 14:02 | Construir | Farm |
| 14:37 | Edad | Edad de los Castillos |
| 14:38 | Construir | Monastery |
| 14:46 | Construir | Town Center |
| 14:57 | Crear | Villager (Male) |
| 15:01 | Construir | Barracks |
| 15:05 | Construir | Farm |
| 15:09 | Crear | Monk |
| 15:10 | Crear | Monk |
| 15:19 | Crear | Villager (Male) |
| 15:28 | Investigar | Bow Saw |
| 15:37 | Crear | Villager (Male) |
| 15:46 | Construir | House |
| 15:58 | Crear | Villager (Male) |
| 16:03 | Crear | Villager (Male) |
| 16:28 | Crear | Villager (Male) |
| 16:29 | Crear | Villager (Male) |
| 16:30 | Crear | Villager (Male) |
| 16:34 | Investigar | Fervor |
| 16:35 | Crear | Villager (Male) |
| 16:36 | Construir | Farm |
| 16:37 | Crear | Villager (Male) |
| 16:41 | Construir | Farm |
| 16:55 | Crear | Monk |
| 17:05 | Crear | Villager (Male) |
| 17:06 | Crear | Villager (Male) |
| 17:10 | Construir | Town Center |
| 17:19 | Investigar | Horse Collar |
| 17:20 | Crear | Villager (Male) |
| 17:20 | Crear | Villager (Male) |
| 17:35 | Crear | Villager (Male) |
| 17:36 | Crear | Villager (Male) |
| 17:50 | Crear | Villager (Male) |
| 17:55 | Construir | House |
| 18:07 | Crear | Villager (Male) |
| 18:31 | Crear | Villager (Male) |
| 18:31 | Crear | Villager (Male) |
| 18:31 | Crear | Villager (Male) |
| 18:32 | Crear | Villager (Male) |
| 18:42 | Construir | Town Center |
| 18:44 | Crear | Villager (Male) |
| 18:52 | Construir | Farm |
| 18:53 | Construir | Farm |
| 18:54 | Construir | Farm |
| 18:56 | Crear | Villager (Male) |
| 18:57 | Investigar | Loom |
| 19:29 | Crear | Villager (Male) |
| 19:29 | Crear | Villager (Male) |
| 19:35 | Construir | Farm |
| 19:36 | Construir | Farm |
| 19:50 | Crear | Villager (Male) |
| 19:52 | Investigar | Fletching |
| 20:16 | Crear | Villager (Male) |
| 20:19 | Crear | Monk |
| 20:42 | Construir | Farm |
| 20:42 | Construir | Farm |
| 20:43 | Construir | Farm |
| 20:44 | Construir | Farm |
| 20:44 | Construir | Farm |
| 20:44 | Construir | Farm |
| 20:44 | Construir | Farm |
| 20:45 | Construir | Farm |
| 20:46 | Crear | Monk |
| 21:10 | Crear | Villager (Male) |
| 21:11 | Crear | Villager (Male) |
| 21:11 | Crear | Villager (Male) |
| 21:11 | Crear | Villager (Male) |
| 21:12 | Crear | Villager (Male) |
| 21:14 | Construir | House |
| 21:15 | Construir | House |
| 21:44 | Crear | Monk |
| 21:54 | Crear | Villager (Male) |
| 21:54 | Crear | Villager (Male) |
| 21:55 | Crear | Villager (Male) |
| 21:56 | Construir | Farm |
| 21:57 | Crear | Villager (Male) |
| 21:57 | Crear | Villager (Male) |
| 21:57 | Crear | Villager (Male) |
| 22:02 | Crear | Villager (Male) |
| 22:04 | Construir | Farm |
| 22:05 | Crear | Villager (Male) |
| 22:29 | Construir | Farm |
| 22:40 | Crear | Villager (Male) |
| 22:41 | Construir | Farm |
| 22:42 | Crear | Villager (Male) |
| 22:44 | Construir | House |
| 23:07 | Crear | Villager (Male) |
| 23:08 | Crear | Villager (Male) |
| 23:08 | Crear | Villager (Male) |
| 23:09 | Crear | Villager (Male) |
| 23:10 | Crear | Villager (Male) |
| 23:12 | Crear | Villager (Male) |
| 23:13 | Construir | Farm |
| 23:14 | Construir | Farm |
| 23:14 | Construir | Farm |
| 23:14 | Construir | Farm |
| 23:14 | Construir | Farm |
| 23:15 | Construir | Farm |
| 23:15 | Construir | Farm |
| 23:16 | Crear | Villager (Male) |
| 23:18 | Crear | Villager (Male) |
| 23:27 | Construir | House |
Build order — RoR | Yokohama
Primeras 150 de 439 acciones detectadas
| 0:01 | Crear | Villager (Male) |
| 0:01 | Crear | Villager (Male) |
| 0:01 | Crear | Villager (Male) |
| 0:04 | Construir | House |
| 0:06 | Construir | House |
| 0:09 | Crear | Villager (Male) |
| 1:10 | Crear | Villager (Male) |
| 1:10 | Crear | Villager (Male) |
| 1:35 | Crear | Villager (Male) |
| 2:14 | Construir | Lumber Camp |
| 2:25 | Crear | Villager (Male) |
| 2:25 | Crear | Villager (Male) |
| 3:01 | Crear | Villager (Male) |
| 3:24 | Crear | Villager (Male) |
| 3:24 | Crear | Villager (Male) |
| 3:26 | Construir | House |
| 3:39 | Crear | Villager (Male) |
| 4:24 | Crear | Villager (Male) |
| 4:24 | Crear | Villager (Male) |
| 4:29 | Crear | Villager (Male) |
| 4:46 | Construir | House |
| 5:23 | Crear | Villager (Male) |
| 5:28 | Crear | Villager (Male) |
| 5:58 | Crear | Villager (Male) |
| 6:00 | Construir | Mill |
| 6:15 | Crear | Villager (Male) |
| 6:48 | Crear | Villager (Male) |
| 7:01 | Construir | Farm |
| 7:24 | Construir | Farm |
| 7:27 | Construir | Farm |
| 7:28 | Crear | Villager (Male) |
| 7:35 | Crear | Villager (Male) |
| 8:27 | Construir | Mining Camp |
| 8:28 | Investigar | Feudal Age |
| 8:28 | Investigar | Feudal Age |
| 9:29 | Crear | Villager (Male) |
| 9:29 | Crear | Villager (Male) |
| 9:41 | Construir | House |
| 10:56 | Edad | Edad Feudal |
| 10:57 | Construir | Market |
| 11:00 | Construir | Blacksmith |
| 11:18 | Investigar | Double-Bit Axe |
| 11:18 | Investigar | Double-Bit Axe |
| 11:26 | Construir | House |
| 11:27 | Construir | House |
| 11:31 | Construir | House |
| 11:48 | Investigar | Castle Age |
| 11:49 | Investigar | Castle Age |
| 12:23 | Investigar | Horse Collar |
| 13:08 | Construir | Farm |
| 13:14 | Crear | Villager (Male) |
| 13:15 | Crear | Villager (Male) |
| 14:28 | Edad | Edad de los Castillos |
| 14:33 | Construir | Town Center |
| 14:36 | Construir | Town Center |
| 14:47 | Investigar | Bow Saw |
| 14:50 | Crear | Villager (Male) |
| 14:54 | Construir | Monastery |
| 15:03 | Crear | Villager (Male) |
| 15:15 | Construir | Farm |
| 15:24 | Construir | Farm |
| 15:32 | Crear | Villager (Male) |
| 15:34 | Construir | Farm |
| 15:38 | Crear | Villager (Male) |
| 15:44 | Crear | Monk |
| 15:48 | Crear | Villager (Male) |
| 15:51 | Construir | Farm |
| 16:03 | Crear | Villager (Male) |
| 16:17 | Construir | Farm |
| 16:18 | Construir | Farm |
| 16:18 | Crear | Villager (Male) |
| 16:19 | Crear | Villager (Male) |
| 16:19 | Crear | Villager (Male) |
| 16:28 | Construir | Farm |
| 16:33 | Crear | Villager (Male) |
| 16:51 | Construir | Farm |
| 16:53 | Construir | Farm |
| 16:58 | Crear | Villager (Male) |
| 16:58 | Crear | Villager (Male) |
| 17:00 | Construir | Farm |
| 17:10 | Construir | House |
| 17:12 | Construir | Farm |
| 17:12 | Crear | Villager (Male) |
| 17:12 | Crear | Villager (Male) |
| 17:17 | Construir | Farm |
| 17:23 | Crear | Villager (Male) |
| 17:27 | Construir | Farm |
| 17:33 | Crear | Villager (Male) |
| 17:33 | Crear | Villager (Male) |
| 17:35 | Crear | Villager (Male) |
| 17:39 | Construir | Farm |
| 17:44 | Crear | Villager (Male) |
| 17:49 | Construir | Farm |
| 17:55 | Crear | Villager (Male) |
| 18:02 | Construir | Farm |
| 18:09 | Construir | Farm |
| 18:09 | Crear | Villager (Male) |
| 18:15 | Construir | Farm |
| 18:18 | Crear | Villager (Male) |
| 18:24 | Crear | Villager (Male) |
| 18:31 | Crear | Villager (Male) |
| 18:34 | Construir | Farm |
| 18:40 | Crear | Villager (Male) |
| 18:49 | Crear | Villager (Male) |
| 19:02 | Crear | Villager (Male) |
| 19:02 | Crear | Villager (Male) |
| 19:06 | Construir | Town Center |
| 19:14 | Crear | Villager (Male) |
| 19:16 | Crear | Monk |
| 19:22 | Crear | Villager (Male) |
| 19:25 | Construir | Lumber Camp |
| 19:32 | Crear | Villager (Male) |
| 19:38 | Construir | Farm |
| 19:38 | Crear | Villager (Male) |
| 19:50 | Construir | House |
| 19:54 | Crear | Villager (Male) |
| 19:59 | Construir | Farm |
| 20:00 | Construir | Farm |
| 20:01 | Crear | Villager (Male) |
| 20:06 | Construir | Farm |
| 20:07 | Construir | Farm |
| 20:10 | Construir | Farm |
| 20:11 | Crear | Villager (Male) |
| 20:22 | Crear | Villager (Male) |
| 20:25 | Construir | Farm |
| 20:27 | Construir | Farm |
| 20:32 | Crear | Villager (Male) |
| 20:34 | Construir | House |
| 20:34 | Construir | House |
| 20:36 | Crear | Villager (Male) |
| 20:39 | Construir | Farm |
| 20:40 | Construir | Farm |
| 20:40 | Construir | Farm |
| 20:42 | Construir | Farm |
| 20:42 | Crear | Villager (Male) |
| 20:47 | Construir | Farm |
| 20:57 | Crear | Villager (Male) |
| 20:58 | Crear | Villager (Male) |
| 20:58 | Crear | Villager (Male) |
| 21:08 | Construir | House |
| 21:09 | Construir | House |
| 21:09 | Crear | Villager (Male) |
| 21:12 | Crear | Villager (Male) |
| 21:19 | Construir | Farm |
| 21:20 | Construir | Farm |
| 21:21 | Construir | Farm |
| 21:22 | Construir | Farm |
| 21:24 | Construir | Farm |
| 21:27 | Crear | Villager (Male) |
| 21:27 | Crear | Villager (Male) |
Build order — [um] Maya
Primeras 150 de 258 acciones detectadas
| 0:01 | Crear | Villager (Male) |
| 0:02 | Crear | Villager (Male) |
| 0:02 | Crear | Villager (Male) |
| 0:02 | Crear | Villager (Male) |
| 0:02 | Crear | Villager (Male) |
| 0:03 | Construir | House |
| 0:06 | Construir | House |
| 1:38 | Crear | Villager (Male) |
| 1:39 | Crear | Villager (Male) |
| 1:50 | Construir | Lumber Camp |
| 2:35 | Crear | Villager (Male) |
| 2:35 | Crear | Villager (Male) |
| 2:40 | Crear | Villager (Male) |
| 3:12 | Crear | Villager (Male) |
| 3:29 | Construir | House |
| 3:43 | Crear | Villager (Male) |
| 4:03 | Construir | Mill |
| 4:18 | Crear | Villager (Male) |
| 4:18 | Crear | Villager (Male) |
| 4:20 | Crear | Villager (Male) |
| 4:35 | Crear | Villager (Male) |
| 4:59 | Crear | Villager (Male) |
| 5:12 | Construir | House |
| 5:16 | Construir | House |
| 5:30 | Crear | Villager (Male) |
| 6:12 | Crear | Villager (Male) |
| 7:34 | Crear | Villager (Male) |
| 7:53 | Crear | Villager (Male) |
| 8:25 | Crear | Villager (Male) |
| 8:30 | Construir | Mining Camp |
| 8:46 | Investigar | Feudal Age |
| 9:06 | Construir | Mining Camp |
| 9:23 | Crear | Villager (Male) |
| 9:23 | Crear | Villager (Male) |
| 9:33 | Construir | House |
| 10:31 | Construir | Farm |
| 10:34 | Construir | Farm |
| 10:41 | Construir | Farm |
| 11:00 | Edad | Edad Feudal |
| 11:02 | Construir | Blacksmith |
| 11:05 | Construir | Market |
| 11:05 | Crear | Villager (Male) |
| 12:40 | Investigar | Castle Age |
| 14:05 | Investigar | Loom |
| 15:20 | Edad | Edad de los Castillos |
| 15:23 | Crear | Villager (Male) |
| 15:23 | Crear | Villager (Male) |
| 15:43 | Crear | Villager (Male) |
| 15:54 | Construir | Castle |
| 16:24 | Crear | Villager (Male) |
| 16:32 | Crear | Villager (Male) |
| 16:40 | Crear | Villager (Male) |
| 16:43 | Construir | Farm |
| 16:45 | Construir | Farm |
| 16:48 | Construir | Farm |
| 16:49 | Investigar | Double-Bit Axe |
| 16:49 | Investigar | Double-Bit Axe |
| 16:59 | Crear | Villager (Male) |
| 16:59 | Crear | Villager (Male) |
| 17:02 | Construir | Farm |
| 17:04 | Construir | Farm |
| 17:04 | Crear | Villager (Male) |
| 17:04 | Crear | Villager (Male) |
| 17:04 | Crear | Villager (Male) |
| 17:32 | Crear | Ghulam |
| 17:42 | Crear | Ghulam |
| 17:42 | Crear | Ghulam |
| 17:42 | Crear | Ghulam |
| 17:43 | Crear | Ghulam |
| 17:58 | Crear | Villager (Male) |
| 17:58 | Crear | Villager (Male) |
| 18:04 | Construir | Mining Camp |
| 18:08 | Crear | Villager (Male) |
| 18:08 | Crear | Villager (Male) |
| 18:10 | Construir | Farm |
| 18:16 | Investigar | Horse Collar |
| 18:18 | Crear | Ghulam |
| 18:37 | Crear | Ghulam |
| 18:51 | Crear | Villager (Male) |
| 19:02 | Construir | Farm |
| 19:04 | Construir | Farm |
| 19:05 | Crear | Villager (Male) |
| 19:09 | Crear | Villager (Male) |
| 19:10 | Construir | Farm |
| 19:12 | Crear | Ghulam |
| 19:34 | Crear | Villager (Male) |
| 19:36 | Construir | Farm |
| 20:11 | Investigar | Scale Mail Armor |
| 20:31 | Crear | Villager (Male) |
| 20:42 | Investigar | Fletching |
| 20:55 | Crear | Villager (Male) |
| 20:56 | Crear | Villager (Male) |
| 21:20 | Construir | Farm |
| 21:21 | Investigar | Wheelbarrow |
| 21:22 | Crear | Villager (Male) |
| 21:26 | Crear | Ghulam |
| 21:42 | Crear | Ghulam |
| 21:42 | Crear | Ghulam |
| 22:04 | Crear | Villager (Male) |
| 22:04 | Crear | Villager (Male) |
| 22:07 | Crear | Villager (Male) |
| 22:14 | Construir | Barracks |
| 22:15 | Crear | Villager (Male) |
| 22:27 | Construir | Castle |
| 22:39 | Investigar | Forging |
| 23:05 | Crear | Ghulam |
| 23:05 | Crear | Ghulam |
| 23:05 | Crear | Ghulam |
| 23:06 | Crear | Villager (Male) |
| 23:06 | Crear | Villager (Male) |
| 23:20 | Crear | Villager (Male) |
| 23:20 | Crear | Villager (Male) |
| 23:21 | Crear | Ghulam |
| 23:22 | Crear | Ghulam |
| 23:37 | Crear | Villager (Male) |
| 23:38 | Crear | Villager (Male) |
| 23:45 | Crear | Villager (Male) |
| 23:45 | Crear | Villager (Male) |
| 23:58 | Construir | Town Center |
| 23:59 | Crear | Villager (Male) |
| 24:00 | Crear | Villager (Male) |
| 24:55 | Crear | Villager (Male) |
| 24:56 | Crear | Villager (Male) |
| 24:56 | Crear | Villager (Male) |
| 24:58 | Crear | Villager (Male) |
| 24:58 | Crear | Villager (Male) |
| 24:58 | Crear | Villager (Male) |
| 24:59 | Crear | Villager (Male) |
| 25:07 | Crear | Ghulam |
| 25:07 | Crear | Ghulam |
| 25:42 | Crear | Ghulam |
| 25:42 | Crear | Ghulam |
| 25:42 | Crear | Ghulam |
| 25:43 | Crear | Ghulam |
| 25:43 | Crear | Ghulam |
| 25:43 | Crear | Ghulam |
| 25:54 | Construir | Siege Workshop |
| 26:11 | Crear | Villager (Male) |
| 26:13 | Crear | Ghulam |
| 26:30 | Crear | Ghulam |
| 27:29 | Crear | Villager (Male) |
| 27:34 | Crear | Villager (Male) |
| 27:34 | Crear | Villager (Male) |
| 27:35 | Crear | Villager (Male) |
| 27:36 | Construir | Farm |
| 27:37 | Construir | Farm |
| 27:37 | Construir | Farm |
| 27:37 | Construir | Farm |
| 27:40 | Construir | Farm |
| 27:41 | Crear | Villager (Male) |
Build order — 种田太奶掉分号
Primeras 150 de 345 acciones detectadas
| 0:01 | Crear | Villager (Male) |
| 0:01 | Crear | Villager (Male) |
| 0:02 | Construir | House |
| 0:04 | Construir | House |
| 0:11 | Crear | Villager (Male) |
| 0:12 | Crear | Villager (Male) |
| 1:25 | Crear | Villager (Male) |
| 1:26 | Crear | Villager (Male) |
| 1:54 | Construir | Lumber Camp |
| 1:56 | Crear | Villager (Male) |
| 2:16 | Crear | Villager (Male) |
| 2:48 | Crear | Villager (Male) |
| 3:10 | Crear | Villager (Male) |
| 3:11 | Crear | Villager (Male) |
| 3:31 | Construir | Mill |
| 3:38 | Crear | Villager (Male) |
| 3:52 | Construir | House |
| 4:05 | Crear | Villager (Male) |
| 4:05 | Crear | Villager (Male) |
| 4:33 | Crear | Villager (Male) |
| 5:21 | Crear | Villager (Male) |
| 5:32 | Construir | House |
| 5:39 | Crear | Villager (Male) |
| 6:08 | Construir | House |
| 6:11 | Crear | Villager (Male) |
| 6:12 | Crear | Villager (Male) |
| 6:13 | Crear | Villager (Male) |
| 6:13 | Crear | Villager (Male) |
| 6:55 | Construir | Farm |
| 7:02 | Construir | Farm |
| 7:33 | Crear | Villager (Male) |
| 7:49 | Construir | Mining Camp |
| 7:53 | Crear | Villager (Male) |
| 8:39 | Investigar | Feudal Age |
| 9:28 | Construir | Mining Camp |
| 9:49 | Crear | Villager (Male) |
| 9:51 | Investigar | Loom |
| 10:56 | Edad | Edad Feudal |
| 10:59 | Construir | Market |
| 11:01 | Construir | Blacksmith |
| 11:51 | Investigar | Castle Age |
| 12:18 | Investigar | Double-Bit Axe |
| 12:35 | Investigar | Horse Collar |
| 12:35 | Investigar | Horse Collar |
| 14:22 | Crear | Villager (Male) |
| 14:31 | Edad | Edad de los Castillos |
| 14:40 | Construir | Castle |
| 14:45 | Investigar | Bow Saw |
| 14:47 | Crear | Villager (Male) |
| 14:59 | Construir | Farm |
| 15:03 | Construir | Palisade Wall |
| 15:04 | Construir | Palisade Wall |
| 15:06 | Construir | Palisade Wall |
| 15:17 | Construir | Palisade Wall |
| 15:18 | Construir | Palisade Wall |
| 15:20 | Construir | Palisade Wall |
| 15:22 | Construir | Palisade Wall |
| 15:24 | Construir | Palisade Wall |
| 15:29 | Crear | Villager (Male) |
| 15:29 | Crear | Villager (Male) |
| 15:48 | Construir | Mill |
| 15:53 | Crear | Mameluke |
| 16:04 | Investigar | Fletching |
| 16:14 | Crear | Villager (Male) |
| 16:16 | Crear | Mameluke |
| 16:22 | Crear | Villager (Male) |
| 16:38 | Crear | Mameluke |
| 17:05 | Crear | Mameluke |
| 17:07 | Crear | Villager (Male) |
| 17:07 | Crear | Villager (Male) |
| 17:17 | Construir | Lumber Camp |
| 17:24 | Construir | Farm |
| 17:27 | Crear | Villager (Male) |
| 17:46 | Crear | Petard |
| 17:58 | Crear | Petard |
| 18:05 | Crear | Villager (Male) |
| 18:12 | Construir | Town Center |
| 18:29 | Crear | Villager (Male) |
| 18:36 | Construir | Farm |
| 18:38 | Crear | Mameluke |
| 18:53 | Crear | Villager (Male) |
| 18:57 | Construir | Farm |
| 19:19 | Construir | Farm |
| 19:30 | Crear | Mameluke |
| 19:44 | Crear | Villager (Male) |
| 19:44 | Crear | Villager (Male) |
| 19:51 | Construir | Farm |
| 19:53 | Construir | Farm |
| 19:56 | Crear | Mameluke |
| 20:15 | Crear | Villager (Male) |
| 20:22 | Crear | Villager (Male) |
| 20:22 | Crear | Villager (Male) |
| 20:22 | Crear | Villager (Male) |
| 20:54 | Crear | Villager (Male) |
| 21:04 | Construir | Town Center |
| 21:13 | Construir | Town Center |
| 21:31 | Crear | Villager (Male) |
| 21:31 | Crear | Villager (Male) |
| 21:41 | Crear | Villager (Male) |
| 21:41 | Crear | Villager (Male) |
| 21:45 | Investigar | Wheelbarrow |
| 21:45 | Investigar | Wheelbarrow |
| 21:58 | Crear | Villager (Male) |
| 21:58 | Crear | Villager (Male) |
| 22:02 | Construir | Farm |
| 22:02 | Construir | Farm |
| 22:05 | Construir | Farm |
| 22:06 | Construir | Farm |
| 22:18 | Crear | Villager (Male) |
| 22:18 | Crear | Villager (Male) |
| 22:37 | Crear | Villager (Male) |
| 22:37 | Crear | Villager (Male) |
| 22:37 | Crear | Villager (Male) |
| 22:40 | Construir | Farm |
| 22:41 | Construir | Farm |
| 22:44 | Construir | Farm |
| 22:54 | Crear | Villager (Male) |
| 22:56 | Construir | Farm |
| 22:59 | Construir | Farm |
| 23:12 | Construir | Town Center |
| 23:19 | Crear | Villager (Male) |
| 23:19 | Crear | Villager (Male) |
| 23:19 | Crear | Villager (Male) |
| 23:34 | Crear | Villager (Male) |
| 23:41 | Construir | House |
| 23:42 | Construir | House |
| 24:02 | Construir | Lumber Camp |
| 24:04 | Crear | Villager (Male) |
| 24:04 | Crear | Villager (Male) |
| 24:04 | Crear | Villager (Male) |
| 24:04 | Crear | Villager (Male) |
| 24:16 | Crear | Mameluke |
| 24:23 | Construir | Siege Workshop |
| 24:25 | Crear | Villager (Male) |
| 24:25 | Crear | Villager (Male) |
| 24:36 | Construir | Farm |
| 24:37 | Construir | Farm |
| 24:43 | Crear | Villager (Male) |
| 24:43 | Crear | Villager (Male) |
| 24:44 | Crear | Villager (Male) |
| 24:44 | Crear | Villager (Male) |
| 24:45 | Crear | Mameluke |
| 24:50 | Construir | Farm |
| 24:57 | Construir | Farm |
| 24:58 | Construir | Farm |
| 25:00 | Crear | Villager (Male) |
| 25:00 | Crear | Villager (Male) |
| 25:00 | Crear | Villager (Male) |
| 25:00 | Crear | Villager (Male) |
| 25:03 | Crear | Mameluke |
Build order — feshark
Primeras 150 de 334 acciones detectadas
| 0:01 | Crear | Villager (Male) |
| 0:01 | Crear | Villager (Male) |
| 0:02 | Construir | House |
| 0:03 | Construir | House |
| 0:23 | Crear | Villager (Male) |
| 0:58 | Crear | Villager (Male) |
| 1:20 | Crear | Villager (Male) |
| 2:13 | Construir | Settlement |
| 2:16 | Crear | Villager (Male) |
| 2:35 | Crear | Villager (Male) |
| 3:02 | Crear | Villager (Male) |
| 3:22 | Crear | Villager (Male) |
| 3:31 | Crear | Villager (Male) |
| 3:40 | Crear | Villager (Male) |
| 4:05 | Crear | Villager (Male) |
| 4:19 | Crear | Villager (Male) |
| 4:21 | Crear | Villager (Male) |
| 4:31 | Construir | Settlement |
| 4:52 | Crear | Villager (Male) |
| 5:04 | Crear | Villager (Male) |
| 6:05 | Crear | Villager (Male) |
| 6:38 | Construir | Farm |
| 6:40 | Construir | Farm |
| 6:58 | Crear | Villager (Male) |
| 6:59 | Crear | Villager (Male) |
| 7:16 | Construir | Farm |
| 7:57 | Crear | Villager (Male) |
| 8:20 | Crear | Villager (Male) |
| 8:20 | Investigar | Feudal Age |
| 8:39 | Construir | Farm |
| 8:57 | Investigar | Loom |
| 9:00 | Crear | Villager (Male) |
| 9:00 | Crear | Villager (Male) |
| 9:16 | Construir | House |
| 11:06 | Edad | Edad Feudal |
| 11:08 | Construir | Market |
| 11:10 | Construir | Blacksmith |
| 11:55 | Investigar | Castle Age |
| 12:06 | Construir | Settlement |
| 12:22 | Investigar | Double-Bit Axe |
| 12:23 | Investigar | Horse Collar |
| 12:49 | Investigar | Stone Mining |
| 13:01 | Investigar | Stone Mining |
| 14:23 | Investigar | Gold Mining |
| 14:59 | Construir | Stone Wall |
| 15:01 | Edad | Edad de los Castillos |
| 15:04 | Crear | Villager (Male) |
| 15:04 | Crear | Villager (Male) |
| 15:35 | Crear | Villager (Male) |
| 15:35 | Crear | Villager (Male) |
| 15:38 | Investigar | Bow Saw |
| 15:49 | Construir | Stone Wall |
| 16:30 | Construir | Castle |
| 16:34 | Crear | Villager (Male) |
| 16:50 | Crear | Villager (Male) |
| 17:09 | Construir | Town Center |
| 17:27 | Crear | Villager (Male) |
| 17:52 | Crear | Villager (Male) |
| 18:08 | Crear | Villager (Male) |
| 18:08 | Crear | Villager (Male) |
| 18:10 | Construir | Farm |
| 18:11 | Construir | Farm |
| 18:13 | Construir | Farm |
| 18:27 | Construir | Farm |
| 18:28 | Construir | Farm |
| 18:30 | Crear | Villager (Male) |
| 18:30 | Crear | Villager (Male) |
| 18:44 | Construir | Stone Wall |
| 18:57 | Construir | Farm |
| 18:58 | Construir | Farm |
| 19:00 | Construir | Farm |
| 19:01 | Crear | Villager (Male) |
| 19:01 | Crear | Villager (Male) |
| 19:09 | Construir | Farm |
| 19:13 | Crear | Villager (Male) |
| 19:13 | Crear | Villager (Male) |
| 19:33 | Crear | Villager (Male) |
| 19:34 | Crear | Villager (Male) |
| 19:47 | Construir | Town Center |
| 20:07 | Crear | Villager (Male) |
| 20:10 | Construir | Farm |
| 20:10 | Construir | Farm |
| 20:11 | Construir | Farm |
| 20:11 | Construir | Farm |
| 20:15 | Crear | Villager (Male) |
| 20:15 | Crear | Villager (Male) |
| 20:18 | Crear | Villager (Male) |
| 20:18 | Crear | Villager (Male) |
| 20:40 | Construir | Farm |
| 20:44 | Crear | Villager (Male) |
| 20:44 | Crear | Villager (Male) |
| 20:44 | Crear | Villager (Male) |
| 20:58 | Construir | Farm |
| 21:00 | Construir | Farm |
| 21:15 | Crear | Villager (Male) |
| 21:15 | Crear | Villager (Male) |
| 21:24 | Construir | Farm |
| 21:25 | Construir | Farm |
| 21:25 | Construir | Farm |
| 21:25 | Construir | Farm |
| 21:26 | Construir | Farm |
| 21:26 | Construir | Farm |
| 21:29 | Construir | House |
| 21:30 | Construir | House |
| 21:31 | Construir | House |
| 21:33 | Crear | Villager (Male) |
| 21:33 | Crear | Villager (Male) |
| 21:41 | Crear | Villager (Male) |
| 21:42 | Crear | Villager (Male) |
| 21:54 | Construir | Farm |
| 21:55 | Construir | Farm |
| 21:58 | Crear | Villager (Male) |
| 21:58 | Crear | Villager (Male) |
| 22:02 | Construir | Farm |
| 22:06 | Crear | Villager (Male) |
| 22:06 | Crear | Villager (Male) |
| 22:22 | Construir | Farm |
| 22:28 | Construir | Farm |
| 22:31 | Crear | Villager (Male) |
| 22:32 | Crear | Villager (Male) |
| 22:44 | Construir | Farm |
| 22:48 | Construir | Farm |
| 22:52 | Construir | House |
| 22:54 | Construir | House |
| 22:56 | Crear | Villager (Male) |
| 22:56 | Crear | Villager (Male) |
| 22:57 | Crear | Villager (Male) |
| 22:58 | Crear | Villager (Male) |
| 23:24 | Crear | Villager (Male) |
| 23:24 | Crear | Villager (Male) |
| 23:24 | Crear | Villager (Male) |
| 23:29 | Construir | Farm |
| 23:30 | Construir | Farm |
| 23:31 | Construir | Farm |
| 23:34 | Crear | Villager (Male) |
| 23:35 | Crear | Villager (Male) |
| 23:39 | Construir | Farm |
| 23:41 | Construir | Farm |
| 23:45 | Construir | House |
| 23:46 | Construir | House |
| 23:46 | Construir | House |
| 23:48 | Crear | Villager (Male) |
| 24:02 | Investigar | Heavy Plow |
| 24:14 | Crear | Villager (Male) |
| 24:16 | Crear | Villager (Male) |
| 24:16 | Crear | Villager (Male) |
| 24:31 | Crear | Villager (Male) |
| 24:31 | Crear | Villager (Male) |
| 24:35 | Construir | Farm |
| 24:36 | Construir | Farm |
Cronología de la partida
| 10:31 | PLEBUSHEK · age_up feudal |
| 10:31 | Rank · age_up feudal |
| 10:55 | siredwardheath · age_up feudal |
| 10:56 | RoR | Yokohama · age_up feudal |
| 10:56 | (¬|)¬(>= Marksm4n · age_up feudal |
| 10:56 | 种田太奶掉分号 · age_up feudal |
| 11:00 | [um] Maya · age_up feudal |
| 11:06 | feshark · age_up feudal |
| 11:50 | 种田太奶掉分号 · first_market_sell 100 stone |
| 11:56 | siredwardheath · first_market_sell 100 stone |
| 11:57 | (¬|)¬(>= Marksm4n · first_market_sell 100 stone |
| 12:01 | [um] Maya · first_market_sell 100 wood |
| 12:31 | [um] Maya · first_market_buy 100 wood |
| 13:00 | PLEBUSHEK · wall_segment Palisade Wall x1 |
| 13:01 | PLEBUSHEK · wall_segment Palisade Wall x1 |
| 14:02 | PLEBUSHEK · age_up castle |
| 14:24 | 种田太奶掉分号 · first_market_buy 100 food |
| 14:28 | RoR | Yokohama · age_up castle |
| 14:31 | 种田太奶掉分号 · age_up castle |
| 14:37 | siredwardheath · age_up castle |
| 14:37 | PLEBUSHEK · first_market_buy 100 stone |
| 14:37 | Rank · age_up castle |
| 14:38 | Rank · first_building Monastery |
| 14:40 | 种田太奶掉分号 · first_building Castle |
| 14:42 | (¬|)¬(>= Marksm4n · age_up castle |
| 14:54 | RoR | Yokohama · first_building Monastery |
| 14:59 | feshark · wall_segment Stone Wall x15 |
| 15:01 | Rank · first_building Barracks |
| 15:01 | feshark · age_up castle |
| 15:03 | 种田太奶掉分号 · wall_segment Palisade Wall x1 |
| 15:04 | 种田太奶掉分号 · wall_segment Palisade Wall x1 |
| 15:06 | 种田太奶掉分号 · wall_segment Palisade Wall x1 |
| 15:17 | 种田太奶掉分号 · wall_segment Palisade Wall x1 |
| 15:18 | 种田太奶掉分号 · wall_segment Palisade Wall x1 |
| 15:20 | 种田太奶掉分号 · wall_segment Palisade Wall x1 |
| 15:20 | [um] Maya · age_up castle |
| 15:22 | 种田太奶掉分号 · wall_segment Palisade Wall x1 |
| 15:24 | 种田太奶掉分号 · wall_segment Palisade Wall x1 |
| 15:49 | feshark · wall_segment Stone Wall x10 |
| 15:54 | [um] Maya · first_building Castle |
| 16:30 | feshark · first_building Castle |
| 17:09 | (¬|)¬(>= Marksm4n · first_building Castle |
| 17:32 | RoR | Yokohama · first_market_buy 100 food |
| 17:47 | (¬|)¬(>= Marksm4n · wall_segment Stone Wall x1 |
| 17:48 | (¬|)¬(>= Marksm4n · wall_segment Stone Wall x1 |
| 17:50 | (¬|)¬(>= Marksm4n · wall_segment Stone Wall x1 |
| 18:07 | (¬|)¬(>= Marksm4n · first_market_buy 100 food |
| 18:19 | feshark · first_market_buy 100 food |
| 18:36 | Rank · first_market_sell 100 wood |
| 18:37 | Rank · first_market_buy 100 stone |
| 18:44 | feshark · wall_segment Stone Wall x1 |
| 19:09 | (¬|)¬(>= Marksm4n · wall_segment Stone Wall x1 |
| 19:21 | (¬|)¬(>= Marksm4n · wall_segment Stone Wall x1 |
| 19:25 | (¬|)¬(>= Marksm4n · wall_segment Stone Wall x1 |
| 19:59 | PLEBUSHEK · first_building Monastery |
| 21:19 | (¬|)¬(>= Marksm4n · first_building Siege Workshop |
| 21:49 | siredwardheath · first_building Monastery |
| 22:14 | [um] Maya · first_building Barracks |
| 22:33 | (¬|)¬(>= Marksm4n · wall_segment Stone Wall x1 |
| 22:35 | (¬|)¬(>= Marksm4n · wall_segment Stone Wall x1 |
| 23:05 | (¬|)¬(>= Marksm4n · wall_segment Stone Wall x1 |
| 23:06 | (¬|)¬(>= Marksm4n · wall_segment Stone Wall x1 |
| 23:32 | (¬|)¬(>= Marksm4n · wall_segment Stone Wall x1 |
| 23:32 | (¬|)¬(>= Marksm4n · wall_segment Stone Wall x1 |
| 23:34 | (¬|)¬(>= Marksm4n · wall_segment Stone Wall x1 |
| 23:40 | (¬|)¬(>= Marksm4n · wall_segment Stone Wall x1 |
| 23:48 | Rank · wall_segment Stone Wall x1 |
| 24:10 | siredwardheath · first_building Barracks |
| 24:18 | PLEBUSHEK · first_market_sell 100 food |
| 24:23 | 种田太奶掉分号 · first_building Siege Workshop |
| 25:00 | (¬|)¬(>= Marksm4n · wall_segment Stone Wall x1 |
| 25:02 | (¬|)¬(>= Marksm4n · wall_segment Stone Wall x6 |
| 25:05 | feshark · first_market_sell 100 stone |
| 25:06 | (¬|)¬(>= Marksm4n · first_building Barracks |
| 25:07 | PLEBUSHEK · first_building Barracks |
| 25:07 | siredwardheath · first_building Stable |
| 25:16 | (¬|)¬(>= Marksm4n · wall_segment Stone Wall x1 |
| 25:17 | (¬|)¬(>= Marksm4n · wall_segment Stone Wall x1 |
| 25:37 | Rank · first_building Castle |
| 25:38 | RoR | Yokohama · first_market_sell 100 wood |
| 25:54 | [um] Maya · first_building Siege Workshop |
| 25:54 | (¬|)¬(>= Marksm4n · wall_segment Stone Wall x1 |
| 25:55 | (¬|)¬(>= Marksm4n · wall_segment Stone Wall x1 |
| 25:59 | PLEBUSHEK · first_building Castle |
| 26:10 | siredwardheath · first_building Castle |
| 26:31 | RoR | Yokohama · first_building Barracks |
| 26:34 | (¬|)¬(>= Marksm4n · wall_segment Stone Wall x1 |
| 26:40 | PLEBUSHEK · wall_segment Stone Wall x1 |
| 26:46 | PLEBUSHEK · wall_segment Stone Wall x1 |
| 26:47 | Rank · first_building Stable |
| 26:49 | PLEBUSHEK · wall_segment Stone Wall x1 |
| 26:50 | PLEBUSHEK · wall_segment Stone Wall x1 |
| 26:51 | PLEBUSHEK · wall_segment Stone Wall x1 |
| 26:53 | PLEBUSHEK · wall_segment Stone Wall x1 |
| 26:57 | PLEBUSHEK · wall_segment Stone Wall x1 |
| 26:57 | feshark · first_building Barracks |
| 26:58 | PLEBUSHEK · wall_segment Stone Wall x2 |
| 27:03 | siredwardheath · age_up imperial |
| 27:32 | RoR | Yokohama · first_building Stable |
| 28:05 | RoR | Yokohama · first_building Castle |
| 28:16 | PLEBUSHEK · age_up imperial |
| 28:26 | feshark · age_up imperial |
| 28:46 | feshark · first_building Siege Workshop |
| 28:58 | (¬|)¬(>= Marksm4n · age_up imperial |
| 29:04 | RoR | Yokohama · first_building Siege Workshop |
| 29:26 | RoR | Yokohama · age_up imperial |
| 29:41 | feshark · wall_segment Stone Wall x1 |
| 30:05 | 种田太奶掉分号 · first_building Barracks |
| 30:11 | 种田太奶掉分号 · age_up imperial |
| 30:21 | siredwardheath · tribute_sent a jugador 1 |
| 30:21 | siredwardheath · tribute_sent a jugador 3 |
| 30:21 | siredwardheath · tribute_sent a jugador 4 |
| 30:21 | siredwardheath · tribute_sent a jugador 5 |
| 30:21 | siredwardheath · tribute_sent a jugador 6 |
| 30:21 | siredwardheath · tribute_sent a jugador 7 |
| 30:21 | siredwardheath · tribute_sent a jugador 8 |
| 30:58 | 种田太奶掉分号 · first_building Stable |
| 31:13 | Rank · age_up imperial |
| 31:37 | feshark · wall_segment Palisade Wall x1 |
| 31:47 | feshark · wall_segment Palisade Wall x1 |
| 33:02 | [um] Maya · first_building Archery Range |
| 33:36 | [um] Maya · age_up imperial |
| 33:47 | feshark · first_building Archery Range |
| 35:10 | [um] Maya · wall_segment Stone Wall x1 |
| 35:13 | [um] Maya · wall_segment Stone Wall x1 |
| 35:16 | [um] Maya · wall_segment Stone Wall x1 |
| 35:18 | [um] Maya · wall_segment Stone Wall x1 |
| 36:01 | (¬|)¬(>= Marksm4n · wall_segment Stone Wall x10 |
| 36:06 | (¬|)¬(>= Marksm4n · wall_segment Stone Wall x3 |
| 36:44 | feshark · resign |
[ ANÁLISIS IA · 1 CRÉDITO ]
¿Qué pasó realmente en esta partida?
Wolo.gg analiza cada decisión: build order, eco, micro, errores típicos por bracket. Análisis personalizado por WhatsApp o Discord en 30 segundos.
Guía civ
Vikingos
Perfil
Jugador #3823485